[Event "December 19 Late 2023"]
[Site "https://www.chess.com"]
[Date "2023.12.19"]
[Round "4"]
[White "Ambartsumova, Karina"]
[Black "Essing, Arnold"]
[Result "1-0"]
[Board "80"]
[TimeControl "180+1"]
[WhiteFideId "4166299"]
[BlackFideId "4619862"]
[WhiteElo "2240"]
[BlackElo "2257"]
[WhiteTeam "RUS"]
[BlackTeam "GER"]
[WhiteClock "0:00:01"]
[BlackClock "0:00:00"]

1. d4 d5 2. c4 e6 3. Nc3 c5 4. cxd5 exd5 5. Nf3 Nc6 6. g3 c4 7. Bg2 Bb4 8. O-O Nge7 9. a3 Ba5 10. Bf4 O-O 11. Rc1 Bf5 12. Ne5 Rc8 13. h3 a6 14. Nxc6 bxc6 15. e4 Be6 16. Qa4 Ng6 17. Be3 Bxc3 18. bxc3 dxe4 19. Bxe4 Bxh3 20. Rfe1 Be6 21. Bxc6 Bd5 22. Bxd5 Qxd5 23. Bd2 h5 24. Qd1 h4 25. Qg4 hxg3 26. fxg3 Rfe8 27. Kf2 Rb8 28. Rcd1 Rxe1 29. Rxe1 Rd8 30. Bg5 Rb8 31. Re2 Ra8 32. Bd2 Rf8 33. Qe4 Qh5 34. Qf3 Qh2+ 35. Qg2 Qh5 36. Qf3 Qh2+ 37. Qg2 Qh5 38. Bf4 Nxf4 39. gxf4 Qh4+ 40. Qg3 Qf6 41. Rd2 Re8 42. d5 Qf5 43. d6 Rd8 44. Qe3 Qf6 45. Kf3 Kf8 46. Qe5 Qh4 47. Rg2 1-0

[Event "December 19 Late 2023"]
[Site "https://www.chess.com"]
[Date "2023.12.19"]
[Round "4"]
[White "Chemin, Justo Reinaldo"]
[Black "Tanenbaum, Zachary"]
[Result "0-1"]
[Board "81"]
[TimeControl "180+1"]
[WhiteFideId "2101580"]
[BlackFideId "2060850"]
[WhiteElo "1940"]
[BlackElo "2256"]
[WhiteTeam "BRA"]
[BlackTeam "USA"]
[WhiteClock "0:00:31"]
[BlackClock "0:00:15"]

1. d4 d5 2. Bf4 Nf6 3. e3 c5 4. c3 Nc6 5. Nd2 Qb6 6. Qb3 c4 7. Qc2 g6 8. Ngf3 Bf5 9. Qc1 Bg7 10. h3 O-O 11. Be2 Qd8 12. O-O b5 13. Bd1 b4 14. Bc2 Kh8 15. Bxf5 gxf5 16. Ne5 Nxe5 17. Bxe5 bxc3 18. bxc3 e6 19. Rb1 Rg8 20. Rb7 Nd7 21. Bg3 Bh6 22. Nf3 f6 23. Qa3 Nb6 24. Qe7 Rg7 25. Qxd8+ Rxd8 26. Rxg7 Kxg7 27. Rb1 Rd7 28. Kf1 Na4 29. Rc1 Rb7 30. Rc2 Rb1+ 31. Ke2 Kf7 32. Bd6 Bf8 33. Bxf8 Kxf8 34. Nd2 Rb5 35. f3 Ke7 36. e4 fxe4 37. fxe4 Ra5 38. exd5 exd5 39. Nf1 Nb6 40. Ne3 Ke6 41. Rb2 Ra3 42. Kd2 Na4 43. Nd1 Nxb2 44. Nxb2 Rxa2 45. Kc1 Kf5 46. Kb1 Rxb2+ 47. Kxb2 Ke4 48. Kc2 a5 49. Kb2 Kd3 50. g4 Kd2 51. h4 a4 52. g5 fxg5 53. hxg5 a3+ 54. Kxa3 Kxc3 55. Ka4 Kxd4 56. Kb5 c3 57. Kc6 c2 58. Kd6 c1=Q 59. g6 Qh6 0-1

[Event "December 19 Late 2023"]
[Site "https://www.chess.com"]
[Date "2023.12.19"]
[Round "4"]
[White "Bru Rullo, Llatzer"]
[Black "Adla, Diego"]
[Result "0-1"]
[Board "82"]
[TimeControl "180+1"]
[WhiteFideId "22219668"]
[BlackFideId "100072"]
[WhiteElo "2190"]
[BlackElo "2377"]
[WhiteTeam "ESP"]
[BlackTeam "ARG"]
[WhiteClock "0:00:08"]
[BlackClock "0:00:39"]

1. d4 Nf6 2. c4 e6 3. Nc3 Bb4 4. e3 O-O 5. Bd3 d5 6. Nf3 dxc4 7. Bxc4 c5 8. O-O cxd4 9. exd4 b6 10. a3 Be7 11. Bd3 Bb7 12. Bc2 Nc6 13. Qd3 g6 14. Bh6 Re8 15. Rad1 Rc8 16. h4 Nd5 17. Nxd5 Qxd5 18. Bb3 Qh5 19. Bg5 Na5 20. Ba4 Bc6 21. Bxc6 Nxc6 22. d5 Bxg5 23. hxg5 Red8 24. Qa6 exd5 25. Rxd5 Qg4 26. Rfd1 Rxd5 27. Rxd5 Qe6 28. Rd3 Re8 29. Re3 Qd7 30. Rxe8+ Qxe8 31. Qb7 Qe6 32. b4 Kg7 33. Qc7 b5 34. Qb7 Qc4 35. Qd7 h5 36. gxh6+ Kxh6 37. g3 Qe4 38. Kg2 Qxf3+ 39. Kxf3 Ne5+ 40. Ke4 Nxd7 41. Kd5 Kg5 42. Kc6 Nb8+ 43. Kxb5 Kg4 44. Kc5 Kf3 45. b5 Kxf2 46. a4 Kxg3 47. a5 f5 48. Kd6 f4 49. Kc7 f3 50. Kxb8 f2 51. b6 axb6 52. a6 f1=Q 53. a7 Qf3 0-1

[Event "December 19 Late 2023"]
[Site "https://www.chess.com"]
[Date "2023.12.19"]
[Round "4"]
[White "Van Roon, Sjoerd"]
[Black "WoolworthsManly"]
[Result "1-0"]
[Board "83"]
[TimeControl "180+1"]
[WhiteFideId "1051075"]
[WhiteElo "2180"]
[BlackElo "2683"]
[WhiteTeam "NED"]
[WhiteClock "0:00:22"]
[BlackClock "0:00:04"]

1. e4 e5 2. Nf3 Nc6 3. Bc4 Be7 4. d4 d6 5. Nc3 Nf6 6. d5 Nb8 7. Be3 O-O 8. Qd2 c6 9. O-O-O b5 10. Bb3 b4 11. Ne2 c5 12. Ng3 a5 13. Bc4 Ba6 14. Qd3 Bxc4 15. Qxc4 Nbd7 16. Nf5 Nb6 17. Qb5 Re8 18. Nd2 Rb8 19. f3 Qd7 20. Qe2 c4 21. Bxb6 c3 22. Be3 cxd2+ 23. Rxd2 Rec8 24. g4 a4 25. Kb1 b3 26. cxb3 axb3 27. a3 Ne8 28. h4 Bd8 29. h5 Ba5 30. Rdd1 Rc2 31. Qd3 Bc3 32. Bc1 Qa4 33. Ne3 Bd4 34. Nxc2 bxc2+ 35. Qxc2 Qxa3 36. Rd3 Qa5 37. Rb3 Rd8 38. h6 Nc7 39. hxg7 Ne8 40. Qh2 Nf6 41. Bg5 Qa4 42. Bxf6 Qxb3 43. Qxh7# 1-0

[Event "December 19 Late 2023"]
[Site "https://www.chess.com"]
[Date "2023.12.19"]
[Round "4"]
[White "Ozen, Metehan"]
[Black "Lizak, Peter"]
[Result "1/2-1/2"]
[Board "84"]
[TimeControl "180+1"]
[WhiteFideId "34596054"]
[BlackFideId "731595"]
[WhiteElo "1710"]
[BlackElo "2420"]
[WhiteTeam "TUR"]
[BlackTeam "HUN"]
[WhiteClock "0:00:06"]
[BlackClock "0:00:06"]

1. c4 Nf6 2. Nc3 g6 3. e4 d6 4. d4 Bg7 5. h3 O-O 6. Be3 Na6 7. Qd2 c5 8. Nf3 cxd4 9. Nxd4 Nc5 10. Qc2 Bd7 11. Be2 Bc6 12. Nxc6 bxc6 13. O-O Ncd7 14. Rad1 Qa5 15. b3 Ne8 16. Rc1 Bxc3 17. Qxc3 Qxc3 18. Rxc3 c5 19. Bh6 Nc7 20. f4 Ne6 21. Bg4 Rfe8 22. f5 gxf5 23. exf5 Nd4 24. Bh5 Kh8 25. Bxf7 Ne2+ 26. Kh2 Nxc3 27. Re1 Ne5 28. Bxe8 Rxe8 29. a3 Kg8 30. Bd2 Na2 31. Ra1 Rb8 32. Rxa2 Rxb3 33. Bf4 Nxc4 34. Re2 Kf7 35. Bg5 Ne5 36. Re4 Rxa3 37. Rh4 Ra2 38. Kh1 Ra1+ 39. Kh2 Ra2 40. Kh1 c4 41. Rxh7+ Kg8 42. Rxe7 c3 43. Rc7 c2 44. f6 Nf7 45. Bf4 d5 46. Be3 d4 47. Bxd4 Ra4 48. Kh2 Rxd4 49. Rxc2 Rd6 50. Rc8+ Rd8 51. Rc7 Ra8 52. g4 a5 53. Rc3 a4 54. Ra3 Kh7 55. Kg3 Kg6 56. h4 Kxf6 57. Kf4 Ne5 58. g5+ Ke6 59. h5 Nc4 60. Rc3 a3 61. Rxc4 a2 62. Rc6+ Kd5 63. Rc1 a1=Q 64. Rxa1 Rxa1 65. Kf5 Rf1+ 66. Kg6 Ke6 67. h6 Ke7 68. Kg7 Rh1 69. g6 Ke6 70. h7 Kf5 71. h8=Q Rxh8 72. Kxh8 Kxg6 1/2-1/2

[Event "December 19 Late 2023"]
[Site "https://www.chess.com"]
[Date "2023.12.19"]
[Round "4"]
[White "Xie, Bryan"]
[Black "Srinath, Rao S.V."]
[Result "0-1"]
[Board "85"]
[TimeControl "180+1"]
[WhiteFideId "30941296"]
[BlackFideId "5028876"]
[WhiteElo "2033"]
[BlackElo "2198"]
[WhiteTeam "USA"]
[BlackTeam "IND"]
[WhiteClock "0:01:06"]
[BlackClock "0:01:01"]

1. e4 e5 2. Nf3 Nc6 3. Bc4 Nf6 4. d3 Be7 5. O-O O-O 6. a4 d5 7. exd5 Nxd5 8. Re1 Bg4 9. Nbd2 Bf6 10. Ne4 Nd4 11. Bxd5 Qxd5 12. Nxf6+ gxf6 13. Re4 Bxf3 14. gxf3 f5 15. Bh6 fxe4 16. fxe4 Qe6 17. Bxf8 Rxf8 18. c3 Nc6 19. Kh1 Kh8 20. Qh5 Qg6 21. Qh3 f5 22. Rg1 Qf6 23. f3 fxe4 24. fxe4 Qf3+ 25. Qxf3 Rxf3 26. Rd1 Rf2 27. b4 Rc2 28. b5 Ne7 29. c4 Kg7 30. a5 Ra2 31. a6 bxa6 32. bxa6 Rxa6 33. Rb1 Rb6 34. Ra1 a6 35. Ra5 Kf6 36. Kg2 Ng6 37. Kf3 Nf4 38. d4 Rb3+ 39. Kg4 h5+ 40. Kh4 Rh3# 0-1

[Event "December 19 Late 2023"]
[Site "https://www.chess.com"]
[Date "2023.12.19"]
[Round "4"]
[White "Antunez Soler, Luis"]
[Black "Carrasco Miranda, Andres"]
[Result "1-0"]
[Board "86"]
[TimeControl "180+1"]
[WhiteFideId "3513335"]
[BlackFideId "3405990"]
[WhiteElo "2154"]
[BlackElo "2183"]
[WhiteTeam "CUB"]
[BlackTeam "CHI"]
[WhiteClock "0:01:48"]
[BlackClock "0:00:47"]

1. e4 e5 2. Nf3 Nc6 3. Bc4 Bc5 4. b4 Bxb4 5. c3 Be7 6. d4 Na5 7. Be2 d6 8. Qa4+ c6 9. dxe5 dxe5 10. Nxe5 Nf6 11. O-O O-O 12. Rd1 Qc7 13. Nf3 b5 14. Qc2 Re8 15. Bg5 h6 16. Bh4 Bg4 17. Bg3 Qb6 18. Nbd2 Nh5 19. e5 Bc5 20. Rf1 Nxg3 21. hxg3 Rxe5 22. Nxe5 Bxe2 23. Nd7 1-0

[Event "December 19 Late 2023"]
[Site "https://www.chess.com"]
[Date "2023.12.19"]
[Round "4"]
[White "Pein, Jonathan"]
[Black "Colas, Joshua"]
[Result "1-0"]
[Board "87"]
[TimeControl "180+1"]
[WhiteFideId "417092"]
[BlackFideId "2044447"]
[WhiteElo "2130"]
[BlackElo "2347"]
[WhiteTeam "ENG"]
[BlackTeam "USA"]
[WhiteClock "0:00:15"]
[BlackClock "0:00:51"]

1. e4 c5 2. c4 Nc6 3. Nc3 g6 4. g3 Bg7 5. Bg2 d6 6. Nge2 h5 7. h3 Nf6 8. d4 cxd4 9. Nxd4 Nxd4 10. Qxd4 O-O 11. Qe3 Nd7 12. O-O Ne5 13. b3 Rb8 14. Bb2 a6 15. a4 Bd7 16. f4 Nc6 17. Rfd1 Na5 18. Ra3 Qc7 19. Nd5 Qd8 20. Bxg7 Kxg7 21. b4 Nc6 22. b5 Na5 23. Nb6 Be6 24. Qc3+ f6 25. Qxa5 Qc7 26. Ra2 Kh7 27. Rad2 h4 28. g4 axb5 29. Qxb5 Rfd8 30. a5 Bf7 31. c5 dxc5 32. Rxd8 Rxd8 33. Rxd8 Qxd8 34. Qd7 Qb8 35. Qxe7 Kg7 36. e5 c4 37. Bd5 Qe8 38. Qxf6+ Kh6 39. Qxf7 Qxf7 40. Bxf7 c3 41. Bb3 g5 42. f5 Kg7 43. Bc2 Kf8 44. Nd5 Ke8 45. e6 Kd8 46. Kf2 Ke8 47. Ke3 Kf8 48. Kd4 Ke8 49. Kxc3 Kf8 50. Kd4 Ke8 51. Kc5 Kf8 52. Kb6 Ke8 53. Kxb7 Kf8 54. Kb6 Ke8 55. Kb5 Kf8 56. Kc4 Kg7 57. Kd3 Kh6 58. Ke4 Kg7 59. Ke3 Kh6 60. Kf3 Kg7 61. Ke4 Kh6 62. Ne3 Kg7 63. Nf1 Kh6 64. Bd3 Kg7 65. Be2 Kh6 66. Ke5 Kg7 67. f6+ Kg6 68. f7 Kg7 69. Bf3 Kf8 70. Ne3 Kg7 71. Nf5+ Kh7 72. f8=Q 1-0

[Event "December 19 Late 2023"]
[Site "https://www.chess.com"]
[Date "2023.12.19"]
[Round "4"]
[White "Rodriguez Fontecha, Marcos"]
[Black "Szyszylo, Rafal"]
[Result "0-1"]
[Board "88"]
[TimeControl "180+1"]
[WhiteFideId "2256576"]
[BlackFideId "1109626"]
[WhiteElo "2249"]
[BlackElo "1951"]
[WhiteTeam "ESP"]
[BlackTeam "POL"]
[WhiteClock "0:00:00"]
[BlackClock "0:00:26"]

1. Nf3 Nf6 2. d4 g6 3. Bf4 Bg7 4. Nc3 d6 5. Qd2 O-O 6. Bh6 Nc6 7. h4 e5 8. d5 Nd4 9. Bxg7 Nxf3+ 10. gxf3 Kxg7 11. O-O-O Nh5 12. e3 f5 13. Bc4 a6 14. Rdg1 b5 15. Bb3 Qf6 16. Ne2 a5 17. c3 a4 18. Bc2 a3 19. b3 Bd7 20. Rg5 h6 21. Rxh5 gxh5 22. f4 e4 23. Ng3 Be8 24. Bd1 b4 25. Qd4 Qxd4 26. cxd4 Kf6 27. Be2 Bf7 28. Bc4 Rg8 29. Kd2 Rg4 30. Ke2 Ra5 31. Rh3 Kg6 32. f3 exf3+ 33. Kxf3 Bxd5+ 34. Bxd5 Rxd5 35. Rh1 c5 36. Ne2 Kf6 37. dxc5 dxc5 38. Ng3 Kg6 39. Nf1 Rd1 40. e4 fxe4+ 41. Kxe4 Ra1 42. Ke5 Kf7 43. f5 Rg2 44. Kf4 Rf2+ 0-1

[Event "December 19 Late 2023"]
[Site "https://www.chess.com"]
[Date "2023.12.19"]
[Round "4"]
[White "Keleberda, Tymur"]
[Black "Li, Tedric"]
[Result "1/2-1/2"]
[Board "89"]
[TimeControl "180+1"]
[WhiteFideId "14174294"]
[BlackFideId "3242897"]
[WhiteElo "2198"]
[BlackElo "1833"]
[WhiteTeam "CAN"]
[BlackTeam "AUS"]
[WhiteClock "0:00:04"]
[BlackClock "0:00:11"]

1. e4 c6 2. d4 d5 3. e5 Bf5 4. h4 h5 5. Bd3 Bxd3 6. Qxd3 Qa5+ 7. Nd2 Qa6 8. c4 e6 9. Ngf3 Nh6 10. O-O Nf5 11. Qc2 Be7 12. g3 O-O 13. a3 Nd7 14. b4 dxc4 15. Nxc4 Nb6 16. Ne3 Nxe3 17. fxe3 Qc4 18. Qf2 a5 19. bxa5 Rxa5 20. e4 c5 21. Bg5 Bxg5 22. hxg5 cxd4 23. Nxd4 Rxe5 24. Rac1 Qd3 25. Nf3 Rxe4 26. Qxb6 Qxa3 27. Qxb7 Re2 28. Qb6 Qb2 29. Qxb2 Rxb2 30. Rf2 Rb5 31. Rc7 Rf5 32. Kg2 Rd8 33. Rb2 Rd3 34. Nh4 Rxg5 35. Rb8+ Kh7 36. Rxf7 Rdxg3+ 37. Kf2 R3g4 38. Nf3 Rf5 39. Rbb7 Rgf4 40. Rxf5 Rxf5 41. Kg3 Kh6 42. Re7 Rf6 43. Ne5 g5 44. Nf7+ Kg6 45. Ne5+ Kf5 46. Nd7 Rg6 47. Rf7+ Ke4 48. Nf6+ Kd4 49. Nxh5 e5 50. Rd7+ Ke3 51. Kg4 e4 52. Ng3 Re6 53. Nf5+ Kf2 54. Rf7 Ra6 55. Nd6+ Ke3 56. Nf5+ Kf2 57. Re7 Ra4 58. Kxg5 Kf3 59. Rh7 Ra2 60. Rh3+ Kg2 61. Re3 Ra4 62. Kf4 Kf2 63. Nd6 Kg2 64. Nxe4 Rb4 65. Rg3+ Kh2 66. Rg6 Rb1 67. Kf3 Rb3+ 68. Ke2 Ra3 69. Nd2 Kh3 70. Nf1 Ra2+ 71. Kf3 Ra3+ 72. Ne3 Kh4 73. Rg4+ Kh5 74. Rg2 Rb3 75. Ke4 Rb4+ 76. Ke5 Rb5+ 77. Kd4 Rb4+ 78. Ke5 Rb5+ 79. Nd5 Kh4 80. Rg7 Kh3 81. Ke4 Ra5 82. Kf3 Ra3+ 83. Ne3 Kh4 84. Kf4 Ra4+ 85. Kf3 Ra3 86. Rd7 Kg5 87. Rd5+ Kg6 88. Kf4 Ra4+ 89. Ke5 Kf7 90. Nf5 Ra1 91. Rd7+ Ke8 92. Rd3 Re1+ 93. Kf6 Rf1 94. Rd4 Rf2 95. Re4+ Kd7 96. Re7+ Kc6 97. Re1 Kb6 98. Ke5 Ra2 99. Nd4 Ra5+ 100. Kd6 Rh5 101. Rb1+ Ka5 102. Kc6 Rh6+ 103. Kc5 Rh5+ 104. Kc4 Ka6 105. Ne6 Rh4+ 106. Kd5 Rh5+ 107. Kd6 Rh6 108. Re1 Kb5 109. Kd5 Rh5+ 110. Ke4 Kc4 111. Nf4 Rh4 112. Rc1+ Kb5 113. Rc8 Rh7 114. Ke5 1/2-1/2

[Event "December 19 Late 2023"]
[Site "https://www.chess.com"]
[Date "2023.12.19"]
[Round "4"]
[White "Fernandez Diaz, Cristian"]
[Black "Mkrtchyan, Mikayel"]
[Result "1-0"]
[Board "90"]
[TimeControl "180+1"]
[WhiteFideId "22256687"]
[BlackFideId "13305743"]
[WhiteElo "2170"]
[BlackElo "2033"]
[WhiteTeam "ESP"]
[BlackTeam "ARM"]
[WhiteClock "0:00:38"]
[BlackClock "0:00:01"]

1. e4 c5 2. Nf3 d6 3. Bb5+ Bd7 4. Bxd7+ Qxd7 5. d4 cxd4 6. Qxd4 Nc6 7. Qd3 Nf6 8. O-O g6 9. Rd1 Bg7 10. c4 Ng4 11. Qe2 Nge5 12. c5 Nxf3+ 13. Qxf3 O-O 14. cxd6 Nd4 15. Qd3 Qxd6 16. Nc3 Rfd8 17. Bg5 h6 18. Bh4 Qb4 19. Nd5 Qxb2 20. Rab1 Qxa2 21. Bxe7 Rxd5 22. exd5 Qxd5 23. Ba3 Qe6 24. Rxb7 Ne2+ 25. Kh1 Nc3 26. Rc1 Re8 27. h3 Ne4 28. Kg1 Qf5 29. Rf1 Qa5 30. Qd7 Rf8 31. Bxf8 1-0

[Event "December 19 Late 2023"]
[Site "https://www.chess.com"]
[Date "2023.12.19"]
[Round "4"]
[White "Womacka, Mathias"]
[Black "Khodabandeh, Milad"]
[Result "1-0"]
[Board "91"]
[TimeControl "180+1"]
[WhiteFideId "4611390"]
[BlackFideId "12538620"]
[WhiteElo "2376"]
[BlackElo "1846"]
[WhiteTeam "GER"]
[BlackTeam "IRI"]
[WhiteClock "0:00:17"]
[BlackClock "0:00:00"]

1. e4 e5 2. Nf3 Nc6 3. Bb5 a6 4. Bxc6 dxc6 5. O-O f6 6. d4 exd4 7. Nxd4 c5 8. Ne2 Qxd1 9. Rxd1 Bd7 10. Nbc3 O-O-O 11. Be3 Be6 12. Rxd8+ Kxd8 13. Rd1+ Kc8 14. Nd5 Bxd5 15. Rxd5 b6 16. Rd2 Ne7 17. Nf4 Nc6 18. Ne6 g5 19. h4 h6 20. h5 Bd6 21. f3 Be5 22. c3 Re8 23. Ng7 Rh8 24. Nf5 Rh7 25. Kf2 Ne7 26. Nxe7+ Rxe7 27. g3 Rd7 28. Rxd7 Kxd7 29. f4 Bd6 30. Kf3 Ke6 31. Kg4 b5 32. b3 c4 33. bxc4 bxc4 34. Bd4 Ba3 35. fxg5 hxg5 36. h6 Bf8 37. Kh5 Kf7 38. e5 fxe5 39. Bxe5 c6 40. Kxg5 1-0

[Event "December 19 Late 2023"]
[Site "https://www.chess.com"]
[Date "2023.12.19"]
[Round "4"]
[White "Tifferet, Shakked"]
[Black "Diaz, Fernando"]
[Result "1-0"]
[Board "92"]
[TimeControl "180+1"]
[WhiteFideId "2811529"]
[BlackFideId "3701255"]
[WhiteElo "2142"]
[BlackElo "2020"]
[WhiteTeam "ISR"]
[BlackTeam "PAR"]
[WhiteClock "0:00:15"]
[BlackClock "0:01:02"]

1. d4 e5 2. dxe5 d6 3. Nc3 Nc6 4. Nf3 Bg4 5. Bg5 f6 6. exf6 gxf6 7. Bf4 Bh6 8. Qd2 Bxf4 9. Qxf4 Qd7 10. O-O-O O-O-O 11. Nd4 Ne5 12. f3 Bh5 13. e4 Ne7 14. Qxf6 a6 15. Qe6 Bf7 16. Qxd7+ Nxd7 17. a3 h5 18. h4 Rhg8 19. Rd2 Ng6 20. Nf5 Rdf8 21. Ne3 Be6 22. Bc4 Nf4 23. Bxe6 Nxe6 24. Nf5 Kd8 25. Nd5 Ne5 26. Nde3 Ke8 27. Rhd1 Nf4 28. g3 Ne6 29. f4 Nc6 30. Nd5 Rf7 31. Rd3 Rg6 32. b4 a5 33. b5 Na7 34. b6 Nb5 35. Nxc7+ Nbxc7 36. Nxd6+ Kf8 37. Nxf7 Nb5 38. Ne5 Rg7 39. Rd7 Nxa3 40. Rxg7 Kxg7 41. Rd7+ Kf6 42. Rf7# 1-0

[Event "December 19 Late 2023"]
[Site "https://www.chess.com"]
[Date "2023.12.19"]
[Round "4"]
[White "Skibbe, Willi"]
[Black "Riff, Vincent"]
[Result "1-0"]
[Board "93"]
[TimeControl "180+1"]
[WhiteFideId "4682190"]
[BlackFideId "617776"]
[WhiteElo "2372"]
[BlackElo "2358"]
[WhiteTeam "GER"]
[BlackTeam "FRA"]
[WhiteClock "0:00:20"]
[BlackClock "0:00:43"]

1. d4 Nf6 2. c4 c5 3. d5 e5 4. Nc3 d6 5. e4 Be7 6. h4 O-O 7. Be2 Ne8 8. Nf3 f5 9. Ng5 f4 10. Bg4 Nc7 11. Bxc8 Qxc8 12. Bd2 h6 13. Nf3 Qg4 14. Qe2 a6 15. O-O-O b5 16. h5 b4 17. Na4 Nd7 18. Rdg1 Rab8 19. b3 Nf6 20. Rh4 Qd7 21. g4 Nh7 22. Rhh1 Bg5 23. Nxg5 Nxg5 24. f3 Na8 25. Be1 Nb6 26. Nxb6 Rxb6 27. Bh4 Qe7 28. Kb2 a5 29. Bxg5 Qxg5 30. Qf2 Ra8 31. Qh4 Qxh4 32. Rxh4 a4 33. Rhh1 Rba6 34. Ra1 Kf7 35. a3 axb3 36. axb4 cxb4 37. Rxa6 Rxa6 38. Ra1 Rb6 39. Kxb3 Kf6 40. Ra4 Kg5 41. Rxb4 Ra6 42. Ra4 Rb6+ 43. Kc3 Kh4 44. Ra3 Kg3 45. c5 dxc5 46. Kc4 Rb1 47. Kxc5 Rc1+ 48. Kd6 Rf1 49. Kxe5 Rxf3 50. Rxf3+ Kxf3 51. d6 Kg3 52. d7 f3 53. d8=Q f2 54. Qd3+ 1-0

[Event "December 19 Late 2023"]
[Site "https://www.chess.com"]
[Date "2023.12.19"]
[Round "4"]
[White "Mazzilli, Piero"]
[Black "Lymar, Vladislav"]
[Result "0-1"]
[Board "94"]
[TimeControl "180+1"]
[WhiteFideId "807087"]
[BlackFideId "14162180"]
[WhiteElo "2313"]
[BlackElo "2158"]
[WhiteTeam "ITA"]
[BlackTeam "UKR"]
[WhiteClock "0:00:13"]
[BlackClock "0:00:08"]

1. e4 d6 2. d4 Nf6 3. Nc3 e5 4. dxe5 dxe5 5. Qxd8+ Kxd8 6. f3 Be6 7. Be3 Nbd7 8. O-O-O Bd6 9. Nge2 Ke7 10. Ng3 g6 11. Bb5 a6 12. Bxd7 Nxd7 13. Nd5+ Bxd5 14. Rxd5 h5 15. Rhd1 h4 16. Nf1 f6 17. c4 b6 18. Bf2 a5 19. Ne3 Nf8 20. Ng4 Ne6 21. Be3 Rad8 22. a3 a4 23. Kc2 Rhe8 24. Kc3 f5 25. exf5 gxf5 26. Nh6 Kf6 27. g4 f4 28. Bf2 Rd7 29. Bxh4+ Kg6 30. Nf5 Rh7 31. R1d2 Nd4 32. Nxd6 cxd6 33. Rxd6+ Kf7 34. Rd7+ Ke6 35. Rxh7 Nxf3 36. Rh6+ Kf7 37. Rf2 e4 38. Rf6+ Kg7 39. Rxf4 Nxh4 40. g5 Ng6 41. Rf7+ Kg8 42. R2f6 Ne5 43. Rb7 e3 44. Rf1 e2 45. Re1 Nf3 46. Rxe2 Rxe2 47. Rxb6 Ne1 48. Rb8+ Kg7 49. c5 Rc2+ 50. Kd4 Nf3+ 51. Kd5 Nxg5 52. c6 Nf7 53. Rb7 Kf6 54. c7 Ng5 55. Rb6+ Ke7 56. Rc6 Rd2+ 57. Kc5 Ne6+ 58. Kb6 Nxc7 59. Rxc7+ Kd6 60. Rc6+ Kd7 61. Rc4 Rxb2+ 62. Rb4 Rxb4+ 63. axb4 a3 64. Kb7 a2 65. b5 a1=Q 66. b6 Qa5 67. Kb8 Qxb6+ 68. Ka8 Kc7 69. h3 Qb7# 0-1

[Event "December 19 Late 2023"]
[Site "https://www.chess.com"]
[Date "2023.12.19"]
[Round "4"]
[White "Rees, Ioan"]
[Black "Sokolov, Andrei"]
[Result "0-1"]
[Board "95"]
[TimeControl "180+1"]
[WhiteFideId "1801236"]
[BlackFideId "11600306"]
[WhiteElo "2270"]
[BlackElo "2473"]
[WhiteTeam "WLS"]
[BlackTeam "LAT"]
[WhiteClock "0:01:11"]
[BlackClock "0:00:13"]

1. e4 e5 2. Nf3 Nc6 3. Bc4 Bc5 4. d3 Nf6 5. c3 d6 6. O-O O-O 7. a4 a5 8. Re1 Ba7 9. Nbd2 Be6 10. Bb5 h6 11. Nf1 Ng4 12. d4 exd4 13. cxd4 Ne7 14. Ng3 f5 15. exf5 Bxf5 16. h3 Nf6 17. Rxe7 Qxe7 18. Nxf5 Qe4 19. Ng3 Qe7 20. Be3 Ne4 21. Qb3+ Kh8 22. Bd3 Nxg3 23. Bxh6 gxh6 24. fxg3 Qe3+ 25. Kh2 Bxd4 26. Nxd4 Qxd4 27. Rd1 Qe5 28. Qxb7 Rg8 29. Qxc7 Qxg3+ 30. Kh1 Qxg2# 0-1

[Event "December 19 Late 2023"]
[Site "https://www.chess.com"]
[Date "2023.12.19"]
[Round "4"]
[White "Sadovsky, Artem"]
[Black "Kaganskiy, Gleb"]
[Result "1-0"]
[Board "96"]
[TimeControl "180+1"]
[WhiteFideId "4155840"]
[BlackFideId "4132025"]
[WhiteElo "2314"]
[BlackElo "2128"]
[WhiteTeam "FID"]
[BlackTeam "ISR"]
[WhiteClock "0:02:35"]
[BlackClock "0:00:18"]

1. Nf3 d5 2. e3 Nf6 3. b3 e6 4. Bb2 Be7 5. Be2 O-O 6. O-O c5 7. c4 Nc6 8. cxd5 exd5 9. d4 Bg4 10. dxc5 Bxc5 11. Nc3 Re8 12. Rc1 Bb6 13. Na4 Bc7 14. Nc5 Bxf3 15. Bxf3 Qd6 16. g3 Ne4 17. Bxe4 dxe4 18. Qxd6 Bxd6 19. Nxb7 Be5 20. Rxc6 Bxb2 21. Rd1 h5 22. Rd7 h4 23. Kg2 hxg3 24. hxg3 Rac8 25. Rxc8 Rxc8 26. Rd8+ Rxd8 27. Nxd8 f5 28. Nc6 a6 29. Ne7+ Kf7 30. Nxf5 Ke6 31. g4 Kd5 32. f3 exf3+ 33. Kxf3 Kc5 34. Ke4 Kb4 35. Kd3 Ka3 36. Kc2 Kxa2 37. e4 Be5 38. Ne3 Bf6 39. Nc4 Bd8 40. e5 Bc7 41. e6 Bd8 42. Ne5 Ka3 43. Nc6 1-0

[Event "December 19 Late 2023"]
[Site "https://www.chess.com"]
[Date "2023.12.19"]
[Round "4"]
[White "Tan, Ralph"]
[Black "Demina, Marya"]
[Result "1-0"]
[Board "97"]
[TimeControl "180+1"]
[WhiteFideId "30966590"]
[BlackFideId "4195671"]
[WhiteElo "2099"]
[BlackElo "1978"]
[WhiteTeam "USA"]
[BlackTeam "RUS"]
[WhiteClock "0:02:52"]
[BlackClock "0:02:28"]

1. e4 c6 2. Nf3 d5 3. Nc3 dxe4 4. Nxe4 Nf6 5. Qe2 Nxe4 6. Qxe4 Qd5 7. Qf4 Bf5 8. Bc4 Qe4+ 9. Qxe4 Bxe4 10. Bxf7+ Kxf7 11. Ng5+ Ke8 12. Nxe4 Nd7 13. O-O e5 14. Re1 h6 15. d4 Bd6 16. Nxd6+ 1-0

[Event "December 19 Late 2023"]
[Site "https://www.chess.com"]
[Date "2023.12.19"]
[Round "4"]
[White "Veloso, Henrique Barbosa"]
[Black "Chylewski, Patryk"]
[Result "0-1"]
[Board "98"]
[TimeControl "180+1"]
[WhiteFideId "22784853"]
[BlackFideId "1186191"]
[WhiteElo "1881"]
[BlackElo "2176"]
[WhiteTeam "BRA"]
[BlackTeam "POL"]
[WhiteClock "0:00:00"]
[BlackClock "0:00:07"]

1. d4 Nf6 2. c4 c5 3. d5 e6 4. Nc3 exd5 5. cxd5 d6 6. e4 g6 7. Nf3 Bg7 8. Bd3 O-O 9. O-O Na6 10. Bxa6 bxa6 11. h3 Rb8 12. Qc2 Re8 13. Bf4 Nh5 14. Bh2 Qf6 15. Rfe1 Nf4 16. Rad1 Nxh3+ 17. Kh1 Bg4 18. Rd3 Nf4 19. Bxf4 Qxf4 20. b3 Rb4 21. a3 Rb7 22. Rde3 Rbe7 23. Kg1 Bxc3 24. Qxc3 Rxe4 25. g3 Rxe3 26. gxf4 Rxc3 27. Rxe8+ Kg7 28. Ng5 h6 29. Ne4 Rxb3 30. Nxd6 Rd3 31. Re7 Rxd5 32. Nxf7 Kf6 33. Rxa7 Rd7 34. Rxd7 Bxd7 35. Ne5 Be8 36. Kg2 Kf5 37. Kf3 g5 38. Nd3 c4 39. Ne5 c3 40. Nd3 Bb5 41. Nb4 gxf4 42. Nc2 Bd3 43. Nd4+ Ke5 44. Nb3 h5 45. Nc1 Bc4 46. Kg2 Kd4 47. Kh3 Ke4 48. Kh4 Kf3 49. Kxh5 Kxf2 50. Kg4 Ke3 51. Kf5 f3 52. Ke5 f2 0-1

[Event "December 19 Late 2023"]
[Site "https://www.chess.com"]
[Date "2023.12.19"]
[Round "4"]
[White "Liascovich, Lucas"]
[Black "Phillips, Rene"]
[Result "1-0"]
[Board "99"]
[TimeControl "180+1"]
[WhiteFideId "108634"]
[BlackFideId "2056275"]
[WhiteElo "2455"]
[BlackElo "2051"]
[WhiteTeam "ARG"]
[BlackTeam "USA"]
[WhiteClock "0:01:50"]
[BlackClock "0:00:00"]

1. e4 Nc6 2. d4 d5 3. exd5 Qxd5 4. Be3 e5 5. Nc3 Bb4 6. Ne2 exd4 7. Nxd4 Bxc3+ 8. bxc3 Nf6 9. Be2 O-O 10. Bf3 Qc4 11. Qd2 Ne5 12. Be2 Qd5 13. O-O Nc4 14. Bxc4 Qxc4 15. Qd3 Qd5 16. c4 Qh5 17. f3 a6 18. Rfe1 Bd7 19. Bf2 Rfe8 20. h3 Qg6 21. Qxg6 hxg6 22. c5 Ba4 23. c3 c6 24. Rab1 Bb5 25. Rxe8+ Nxe8 26. a4 Bxa4 27. Rxb7 Bb5 28. c4 Bxc4 29. Nxc6 a5 30. Bd4 a4 31. Ne7+ Kf8 32. c6 Nd6 33. Bc5 Nxb7 34. cxb7 Re8 35. Nc8+ 1-0